 Dungeon Crawl Stone Soup version 0.19.0-16-g73b5abf (webtiles) character file.

9394 dysrexia the Fighter (level 11, 0/92 HPs)
             Began as a Human Monk on Nov 10, 2016.
             Was a Believer of Uskayaw.
             Slain by Erica
             ... wielding a +1 scimitar of flaming
              (8 damage)
             ... on level 2 of the Lair of Beasts.
             The game lasted 00:40:47 (13968 turns).

dysrexia the Fighter (Human Monk)                  Turns: 13968, Time: 00:40:47

Health: 0/92       AC:  8    Str: 14    XL:     11   Next: 73%
Magic:  15/15      EV: 17    Int: 11    God:    Uskayaw [**....]
Gold:   459        SH:  2    Dex: 18    Spells: 1 memorised, 7 levels left

rFire  . . .     SeeInvis .       - Unarmed
rCold  + . .     Gourm    .     p - +2 leather armour {rPois}
rNeg   . . .     Faith    .     (no shield)
rPois  +         Spirit   .     (no helmet)
rElec  .         Reflect  +     e - +0 cloak
rCorr  .         Harm     .     x - +0 pair of gloves
MR     .....                    (no boots)
Stlth  ++........               H - +2 amulet of reflection
                                (no ring)
                                q - +2 ring of slaying

@: lethally poisoned (0 -> -2), about to teleport
A: cold resistance 1, strong 1
a: Stomp, Line Pass, Renounce Religion


You were on level 2 of the Lair of Beasts.
You worshipped Uskayaw.
Uskayaw was noncommittal.
You were not hungry.

You visited 2 branches of the dungeon, and saw 11 of its levels.
You also visited: Ossuary.

You collected 531 gold pieces.
You spent 72 gold pieces at shops.

Inventory:

Hand Weapons
 m - a +1 blowgun
Missiles
 s - 40 poisoned needles
 B - a throwing net (quivered)
Armour
 e - a +0 cloak (worn)
 h - a +1 ring mail
 p - a +2 leather armour of poison resistance (worn)
 x - a +0 pair of gloves (worn)
Jewellery
 i - an uncursed ring of ice
 q - a +2 ring of slaying (left hand)
 D - a cursed ring of teleportation {unknown}
 H - a +2 amulet of reflection (around neck)
Wands
 k - a wand of flame (40/48)
 t - a wand of iceblast (6/15)
 v - a wand of iceblast (9/15)
 E - a wand of iceblast (3/15)
Scrolls
 a - a scroll of identify
 g - 8 scrolls of remove curse
 j - 3 scrolls of enchant armour
 l - a scroll of teleportation
 u - a scroll of enchant weapon
 w - 4 scrolls of recharging
 y - 2 scrolls of fog
 C - a scroll of amnesia
Potions
 c - a potion of flight
 d - a potion of heal wounds
 f - 2 potions of haste
 o - a potion of mutation {unknown}
 r - 3 potions of curing
 A - a potion of cure mutation
Miscellaneous
 z - a sack of spiders
 G - a box of beasts
Comestibles
 b - 8 bread rations
 n - 3 meat rations


   Skills:
 - Level 10.3 Fighting
 + Level 5.9 Armour
 - Level 7.6 Dodging
 - Level 2.0 Stealth
 * Level 10.0 Unarmed Combat
 + Level 6.2 Evocations


You had 7 spell levels left.
You knew the following spells:

 Your Spells              Type           Power        Failure   Level  Hunger
a - Lesser Beckoning      Tloc           #.........   95%         3    ####...


Dungeon Overview and Level Annotations

Branches:
Dungeon (9/15)             Temple (0/1) D:5            Lair (2/6) D:8
  Swamp: Lair:2-4    Shoals: Lair:2-4     Snake: Lair:2-4    Spider: Lair:2-4
    Orc: D:9-12

Altars:
Ashenzari
Cheibriados
Dithmenos
Elyvilon
Kikubaaqudgha
Makhleb
Nemelex Xobeh
Qazlal
Ru
Uskayaw
Vehumet
Xom
Yredelemnul
The Shining One

Shops:
D:4 (   D:5 (

Annotations:
D:4 Eustachio
Lair:1 exclusion: hydra
Lair:2 Erica


Innate Abilities, Weirdness & Mutations

Your flesh is cold resistant. (rC+)
Your muscles are strong. (Str +2)


Message History

You hit the basilisk.
The basilisk is almost dead.
You feel sick. Something closely misses you. The basilisk closely misses you.
You punch the basilisk!
You kill the basilisk!
Your Unarmed Combat skill increases to level 10!
Something hits you. Something burns you.
Your leather armour prevents you from hitting the crocodile.
You feel sick. The crocodile bites you.
You closely miss the crocodile. Something hits you. Something burns you.
The crocodile closely misses you.
You closely miss the crocodile.
You feel sick. Something hits you!
* * * LOW HITPOINT WARNING * * *
Something burns you.
* * * LOW HITPOINT WARNING * * *
As you read the scroll of teleportation, it crumbles to dust.
You feel strangely unstable.
You feel sick. The crocodile bites you!
* * * LOW HITPOINT WARNING * * *
Something hits you!
You die...

≈≈≈≈S..###? .#..
≈≈≈≈......#.....
.≈.≈......#...##
≈..............
#.....P....#
#.l...P#....
#####....t....
#..8t##[......
#..@..#....##.
#8.>.8#...#..
#.....#S......
##)..##.$P....
##...##..##.# ..
##..^..###...
#..#..........#
...#.#.....#....
......8...+ ..8


You could see a crocodile.

Vanquished Creatures
  The ghost of Nicoed the Changer, a novice OpTm (D:4)
  A black mamba (Lair:2)
  A rime drake (Lair:1)
  4 spiny frogs
  A two-headed ogre (D:8)
  A hippogriff (Lair:1)
  Sigmund (D:4)
  A wraith (Ossuary)
  A wyvern (D:8)
  11 yaks
  A hungry ghost (D:7)
  2 basilisks (Lair:2)
  A porcupine (Lair:1)
  A sky beast (D:5)
  A water moccasin (Lair:1)
  2 orc warriors
  An ice beast (D:5)
  5 ogres
  6 centaurs
  A big kobold (D:7)
  A crocodile (Lair:2)
  9 bullfrogs
  A wyvern zombie (D:7)
  A wyvern skeleton (D:8)
  5 scorpions
  5 killer bees (D:8)
  5 wights (D:9)
  2 howler monkeys
  5 crimson imps
  2 quasits
  3 bullfrog zombies
  4 jellies
  4 hounds
  5 orc priests
  A centaur skeleton (D:4)
  Jessica (D:3)
  A bullfrog skeleton (D:4)
  2 iguanas
  7 orc wizards
  4 worker ants
  A hound zombie (D:6)
  A mummy (Ossuary)
  Robin (D:4)
  8 gnolls
  5 adders
  5 oozes
  3 adder zombies
  An adder skeleton (D:7)
  3 worms
  4 dart slugs
  7 leopard geckos
  30 orcs
  A ball python (D:3)
  5 giant cockroaches
  13 goblins
  9 hobgoblins
  9 jackals
  10 kobolds
  7 quokkas
  5 bats
  9 frilled lizards
  8 gnoll skeletons (Ossuary)
  4 kobold skeletons (Ossuary)
  A leopard gecko skeleton (D:6)
  12 orc skeletons (Ossuary)
  A quokka skeleton (D:6)
  6 rats
  A spectral orc (D:6)
282 creatures vanquished.

Notes
Turn   | Place    | Note
-------+----------+-------------------------------------------
     0 | D:1      | dysrexia the Human Monk began the quest for the Orb.
     0 | D:1      | Reached XP level 1. HP: 18/18 MP: 1/1
   205 | D:1      | Reached XP level 2. HP: 19/24 MP: 2/2
   255 | D:1      | Found a hide-covered altar of Uskayaw.
   261 | D:1      | Became a worshipper of Uskayaw the Reveler
   261 | D:1      | Reached * piety under Uskayaw
   881 | D:2      | Reached ** piety under Uskayaw
   883 | D:2      | Reached XP level 3. HP: 24/29 MP: 3/3
  1002 | D:2      | Found a shadowy altar of Dithmenos.
  1065 | D:2      | Reached *** piety under Uskayaw
  1067 | D:2      | Reached **** piety under Uskayaw
  1329 | D:2      | Reached XP level 4. HP: 5/35 MP: 4/4
  1803 | D:2      | Found an ancient bone altar of Kikubaaqudgha.
  1857 | D:2      | Found a shimmering altar of Xom.
  1923 | D:2      | Reached skill level 5 in Unarmed Combat
  2022 | D:3      | Noticed Jessica
  2050 | D:3      | Killed Jessica
  2050 | D:3      | Reached XP level 5. HP: 32/41 MP: 5/5
  2448 | D:3      | Found a sacrificial altar of Ru.
  2661 | D:3      | Found a burning altar of Makhleb.
  2662 | D:3      | Found a radiant altar of Vehumet.
  2721 | D:3      | Reached XP level 6. HP: 18/48 MP: 6/6
  2920 | D:4      | Noticed Nicoed's ghost (novice OpTm)
  2945 | D:4      | Killed Nicoed's ghost
  2945 | D:4      | Reached XP level 7. HP: 19/58 MP: 7/7
  3212 | D:4      | Noticed Sigmund
  3236 | D:4      | Killed Sigmund
  3236 | D:4      | Reached skill level 5 in Dodging
  3236 | D:4      | Reached XP level 8. HP: 59/65 MP: 8/8
  3253 | D:4      | Noticed Eustachio
  3273 | D:4      | Noticed Robin
  3300 | D:4      | Killed Robin
  3554 | D:4      | Found Sumpol's Antique Weapon Shop.
  3899 | D:5      | Entered Level 5 of the Dungeon
  4028 | D:5      | Gained mutation: Your muscles are strong. (Str +2) [mutagenic meat]
  4029 | D:5      | Gained mutation: Your flesh is cold resistant. (rC+) [mutagenic meat]
  4313 | D:5      | Reached XP level 9. HP: 54/75 MP: 9/9
  4329 | D:5      | Found a staircase to the Ecumenical Temple.
  4466 | D:5      | Found Icoasheu's Antique Weapon Emporium.
  5093 | D:5      | Found a stormy altar of Qazlal.
  5232 | D:6      | Found a sand-covered staircase.
  5239 | Ossuary  | Entered an ossuary
  6261 | D:6      | Reached skill level 1 in Evocations
  6614 | D:6      | Reached skill level 10 in Fighting
  6714 | D:4      | Bought a blowgun for 72 gold pieces
  6879 | D:6      | Found a shattered altar of Ashenzari.
  6982 | D:6      | HP: 3/78 [orc warrior/mace (13)]
  7320 | D:6      | Found a basalt altar of Yredelemnul.
  7604 | D:7      | Reached XP level 10. HP: 73/86 MP: 11/11
  7714 | D:7      | Found a glowing golden altar of the Shining One.
  7911 | D:7      | Reached skill level 1 in Armour
  9458 | D:8      | Found a white marble altar of Elyvilon.
  9930 | D:8      | Found a white marble altar of Elyvilon.
 10338 | D:8      | Found a staircase to the Lair.
 10770 | D:9      | Found a snail-covered altar of Cheibriados.
 10979 | D:9      | Reached ***** piety under Uskayaw
 10988 | D:9      | Reached XP level 11. HP: 65/92 MP: 14/14
 11188 | D:9      | Found a sparkling altar of Nemelex Xobeh.
 11787 | Lair:1   | Entered Level 1 of the Lair of Beasts
 11834 | Lair:1   | Learned a level 3 spell: Lesser Beckoning
 11895 | Lair:1   | Reached skill level 5 in Evocations
 12459 | Lair:1   | Reached skill level 5 in Armour
 13302 | Lair:1   | Noticed an eight-headed hydra
 13950 | Lair:2   | Noticed Erica
 13964 | Lair:2   | Reached skill level 10 in Unarmed Combat
 13968 | Lair:2   | Slain by Erica

Skill      XL: |  1  2  3  4  5  6  7  8  9 10 11 |
---------------+----------------------------------+-----
Unarmed Combat | 4 5 8 10 | 10.0
Fighting       | 4 6 8 10 | 10.3
Dodging        | 4 5 6 7 |  7.6
Evocations     | 2 4 6 |  6.2
Armour         | 4 5 |  5.9
Stealth        | |  2.0

Action                   |  1- 3 |  4- 6 |  7- 9 | 10-12 || total
-------------------------+-------+-------+-------+-------++-------
Melee: Unarmed           |   135 |   197 |   557 |   571 ||  1460
       Punch             |       |     3 |    16 |    32 ||    51
 Fire: Blowgun           |       |       |       |    12 ||    12
Throw: Throwing net      |       |       |     2 |       ||     2
Invok: Stomp             |       |       |     1 |       ||     1
Evoke: Wand              |       |       |     2 |       ||     2
  Use: Scroll            |       |     7 |    11 |     6 ||    24
       Potion            |       |       |     4 |     2 ||     6
 Stab: Sleeping          |     4 |     3 |     4 |     5 ||    16
       Paralysed         |     1 |     4 |    13 |    19 ||    37
       Distracted        |       |       |     1 |     1 ||     2
       Held in net/web   |       |       |     1 |       ||     1
  Eat: Chunk             |     1 |     6 |    14 |    16 ||    37
       Beef jerky        |       |       |     1 |     2 ||     3
       Royal jelly       |       |       |     1 |       ||     1
       Meat ration       |       |       |       |     2 ||     2
Armor: Robe              |    24 |    44 |       |       ||    68
       Ring mail         |       |     5 |   136 |    72 ||   213
       Skin              |       |       |     6 |       ||     6
       Leather armour    |       |       |       |    13 ||    13
Dodge: Dodged            |    69 |   133 |   375 |   384 ||   961
Block: Other             |       |       |       |     9 ||     9
